 Dungeon Crawl Stone Soup version 0.29.0-4-gdea44cf6ec (webtiles) character file.

Game seed: 9417282351347091586

2 GigaChad the Vexing (level 1, 0/11 (13) HPs)
             Began as a Vampire Enchanter on Aug 26, 2022.
             Slain by a kobold
             ... wielding a +0 whip
              (3 damage)
             ... on level 1 of the Dungeon.
             The game lasted 00:00:38 (106 turns).

GigaChad the Vexing (Vampire Enchanter)              Turns: 106, Time: 00:00:39

HP:   0/11 (13)     AC:  2    Str:  7    XL:     1   Next: 33%
MP:   3/3           EV: 12    Int: 17    God:
Gold: 0             SH:  0    Dex: 14    Spells: 4/4 levels left

rFire   . . .      SeeInvis +   a - +1 dagger
rCold   . . .      Faith    .   (no shield)
rNeg    . . .      Spirit   .   b - +0 robe
rPois   .          Reflect  .   (no helmet)
rElec   .          Harm     .   (no cloak)
rCorr   .          Rampage  .   (no gloves)
Will    .....                   (no boots)
Stlth   +++.......              (no amulet)
HPRegen 0.23/turn               (no ring)
MPRegen 0.08/turn               (no ring)

@: healing quickly, heavily drained
A: alive, fangs 3, see invisible, vampiric 1
a: Exsanguinate


You were on level 1 of the Dungeon.
You visited 1 branch of the dungeon, and saw 1 of its levels.

Inventory:

Hand Weapons
 a - a +1 dagger (weapon)
 e - a +1 sling of flaming
Armour
 b - a +0 robe (worn)
Scrolls
 d - a scroll of blinking {unknown}
Potions
 c - 3 potions of invisibility


   Skills:
 + Level 1.1 Short Blades
 + Level 2.1 Dodging
 + Level 4.4 Stealth
 + Level 2.0 Spellcasting
 + Level 4.7 Hexes


You had 4 spell levels left.
You didn't know any spells.
Your spell library contained the following spells:

 Spells                   Type           Power      Damage    Failure   Level
 Confusing Touch          Hex            17%        N/A       9%          3
 Tukima's Dance           Hex            17%        N/A       9%          3
 Ensorcelled Hibernation  Hex/Ice        18%        N/A       11%         2
 Dazzling Flash           Conj/Hex       18%        N/A       22%         3


Dungeon Overview and Level Annotations

Branches:
Dungeon (1/15)

Altars:


Innate Abilities, Weirdness & Mutations

Your natural rate of healing is accelerated.
You have razor-sharp teeth.
You have supernaturally acute eyesight. (SInv)
You are afflicted with vampirism.


Message History

The goblin hits you with a +0 club.
You closely miss the goblin.
The goblin is severely wounded.
The goblin hits you but does no damage.
You hit the goblin.
You kill the goblin!
Things that are here:
a +0 club; a goblin corpse You don't know any spells.
Okay, then.
Found a potion of invisibility.
c - 3 potions of invisibility (gained 1)
Found a stone staircase leading down.
A kobold comes into view.
It is wielding a +1 short sword of draining.
There is a stone staircase leading down here.
A kobold comes into view. It is wielding a +0 club.
A kobold comes into view. It is wielding a +0 whip.
The kobold shouts!
The kobold throws a stone.
The stone misses you.
A giant cockroach comes into view.
The kobold shouts!
The kobold throws a stone.
The stone hits you but does no damage.
The kobold hits you with a +1 short sword of draining.
You feel drained.
The kobold hits you with a +1 short sword of draining.
You feel drained.
You hit the kobold but do no damage.
The kobold throws a stone.
The stone closely misses you.
The kobold hits you with a +1 short sword of draining.
* * * LOW HITPOINT WARNING * * *
You feel drained.
You hit the kobold.
You kill the kobold!
Things that are here:
a +1 short sword of draining; a stone; a kobold corpse The kobold closely misses you.
You hit the kobold.
You kill the kobold!
The kobold hits you with a +0 whip.
You die...

. B# #.# ##.# #.#
...# #.# #####.#.#
#.# #)@B....#
##.###..K..#...
#..........#
#######..###.....#
#.....>..........#
#.#####..##.##.###
#.# #..##.# .# #.#
#..#..##.. #.#
#...#.#....


You could see a giant cockroach and a kobold.

Vanquished Creatures
  A goblin (D:1)
  2 kobolds (D:1)
3 creatures vanquished.

Notes
Turn   | Place    | Note
-------+----------+-------------------------------------------
     0 | D:1      | GigaChad the Vampire Enchanter began the quest for the Orb.
     0 | D:1      | Reached XP level 1. HP: 13/13 MP: 3/3
   106 | D:1      | Slain by a kobold

Illustrated notes

Levels and vault maps discovered:
D:1:      saegor_arrival_simple_d, layout_loops_ring,
          hellmonk_ecumenical_altar_blasted, glass_columns_b,
          minmay_tromino_mix6

Action                   || total
-------------------------++-------
Melee: Dagger            ||     6
Armor: Robe              ||     2
Dodge: Dodged            ||     3
